Connexion

NEW YORK Islanders vs WINNIPEG Jets

Created - 9 février 2024 at 05:51

Goals
1 2 3 T
NEW YORK Islanders 1 2 1 4
WINNIPEG Jets 2 2 1 5
Shots
1 2 3 T
NEW YORK Islanders 10 17 9 36
WINNIPEG Jets 8 9 11 28

GoalsPenalties
1st period
1. NEW YORK Islanders , Nicklas Backstrom 9 (Vincent Trocheck 16, Nikolai Knyzhov 13) at 4:28 (PP)
2. WINNIPEG Jets , Kevin Hayes 21 (Dmitrij Jaskin 34, Sam Bennett 21) at 12:49
3. WINNIPEG Jets , Andreas Athanasiou 23 (Noah Cates 22) at 19:49
Noah Cates (WPG) for Roughing (Minor) at 3:11
Nikita Zadorov (WPG) for Roughing (Minor) at 6:08
Vincent Trocheck (NYI) for Hooking (Minor) at 15:03
2nd period
4. NEW YORK Islanders , Patrik Laine 14 (Josh Bailey 21, Anthony Duclair 23) at 4:02
5. WINNIPEG Jets , Sam Bennett 17 (Dmitrij Jaskin 35, Nick Leddy 41) at 6:46
6. WINNIPEG Jets , Dawson Mercer 22 (Nikita Zadorov 12) at 9:08
7. NEW YORK Islanders , Josh Bailey 14 (Patrik Laine 17, Anthony Duclair 24) at 10:55
Noah Cates (WPG) for Holding (Minor) at 17:35
3rd period
8. WINNIPEG Jets , Dawson Mercer 23 (Noah Cates 23, Nick Perbix 13) at 7:15
9. NEW YORK Islanders , Kyle Palmieri 29 (Jeff Skinner 46, Kevin Shattenkirk 35) at 10:49
Marco Scandella (NYI) for Roughing (Minor) at 18:46
Goalie Stats
Logan Thompson (NYI), 10 saves from 14 shots - (0,714), 29:08 minutes
Mikko Koskinen (NYI), 13 saves from 14 shots - (0,929), L, 4-6-0, 30:52 minutes
Ukko-Pekka Luukkonen (WPG), 32 saves from 36 shots - (0,889), W, 25-18-3, 60:00 minutes
3 StarsOfficial
1 - Dawson Mercer (WPG)
2 - Sam Bennett (WPG)
3 - Patrik Laine (NYI)
Referees : Brad Watson and Mike Hasenfratz
Linesman : Tim Nowak and Jay Sharrers
Game Note
Mikko Koskinen enters game at 9:08 of 2nd period
Finance
Level 1 -- Attendance: 5283 (88,05%) -- Ticket Income $686,790
Level 2 -- Attendance: 4673 (84,27%) -- Ticket Income $392,532
Level 3 -- Attendance: 1332 (66,60%) -- Ticket Income $83,916
Level 4 -- Attendance: 2687 (67,18%) -- Ticket Income $126,289
Luxury Box -- Attendance: 976 (97,60%) -- Ticket Income $253,760
Game was played at the MTS center.
Total Attendance: 14951 (80,62%)
Total Ticket Income: $1,543,287
Other Income: $308,657
Total Income: $1,851,944



Team Name Goals Shots Shots Attemp Shots Blocked PIM HIT PP PK FO%
NEW YORK Islanders 4367111481 / 3 (33%)045%
WINNIPEG Jets 5285076240 / 2 (0%)155%

NEW YORK Islanders
Player Name POS G A P +/- PIM HIT SHT SB MP PP MP PP SHT PK MP PK SHT FO% FOT
Adam HenriqueC/LW000-2001123:151:5900:37075% 4
Adam PelechD000-1010420:442:5601:5400% 0
Alexander RadulovRW000-100005:260:0000:0000% 0
Anthony DuclairLW/RW0221004018:052:3900:000100% 2
Brendan LeipsicC/LW0000002010:020:0000:000100% 1
Brendan LemieuxLW000-100006:000:0000:340100% 1
Calle RosenD000-1000020:022:5601:1200% 0
Ilya MikheyevRW0000001011:130:3700:3400% 0
Jeff SkinnerC/LW011-2002024:391:5912:01031% 26
Josh BaileyC/LW/RW1121014018:052:3900:00048% 23
Kevin ShattenkirkD0110002224:421:4221:4400% 0
Kyle PalmieriRW101-2014124:391:5912:01033% 3
Marco ScandellaD0000212123:471:4210:5000% 0
Nicklas BackstromC101-100316:030:3710:00050% 8
Nikolai KnyzhovD011-1000115:000:3700:0000% 0
Patrik LaineLW/RW1121028018:422:3900:3700% 1
Riley StillmanD000-1010015:440:3700:4400% 0
Vincent TrocheckC0110213010:380:3710:00044% 9
WINNIPEG Jets
Player Name POS G A P +/- PIM HIT SHT SB MP PP MP PP SHT PK MP PK SHT FO% FOT
Alexei ToropchenkoRW000-1003011:020:0000:0000% 0
Andreas AthanasiouC/LW/RW1011002016:350:5110:0000% 1
Anthony CirelliC000-1031011:020:0000:00071% 14
Colton WhiteD0001010114:350:0400:2200% 0
Dawson MercerC2021009018:040:5121:29029% 21
Dmitrij JaskinLW/RW0222021024:472:2103:46040% 5
Eeli TolvanenLW/RW000-1001011:020:0000:0000% 1
Ethan BearD0000020025:102:0001:5400% 0
Evgeny SvechnikovRW000000206:580:5100:0000% 0
Jonas SiegenthalerD0001021415:560:0001:4700% 0
Kevin HayesC/LW/RW1012022022:302:2101:2900% 0
Logan BrownC000002106:070:0000:00078% 9
Mattias JanmarkC/LW/RW000000006:140:0000:0700% 0
Nick LeddyD0110001125:102:0001:5400% 0
Nick PerbixD0111010120:151:0802:5900% 0
Nikita ZadorovD0111261018:531:1201:3400% 0
Noah CatesLW0221431015:420:0000:0000% 0
Sam BennettC/LW1122002024:402:2103:39067% 27



Play-by-Play

1st period


0:01 of 1st period - Sam Bennett wins face-off versus Jeff Skinner in neutral zone.
0:36 of 1st period - Shot by Dmitrij Jaskin.
0:36 of 1st period - Stopped by Logan Thompson with a rebound.
0:38 of 1st period - Shot by Sam Bennett.
0:38 of 1st period - Shot Blocked by Adam Henrique.
1:05 of 1st period - Icing by Kyle Palmieri.
1:06 of 1st period - Anthony Cirelli wins face-off versus Jeff Skinner in NEW YORK Islanders zone.
2:04 of 1st period - Kevin Shattenkirk is hit by Anthony Cirelli and loses puck.
2:14 of 1st period - Icing by Marco Scandella.
2:15 of 1st period - Jeff Skinner wins face-off versus Dawson Mercer in NEW YORK Islanders zone.
2:15 of 1st period - Jeff Skinner is hit by Noah Cates.
2:26 of 1st period - Icing by Nikita Zadorov.
2:27 of 1st period - Dawson Mercer wins face-off versus Josh Bailey in WINNIPEG Jets zone.
2:29 of 1st period - Icing by Andreas Athanasiou.
2:30 of 1st period - Josh Bailey wins face-off versus Dawson Mercer in WINNIPEG Jets zone.
2:32 of 1st period - Anthony Duclair is hit by Nick Perbix and loses puck.
3:11 of 1st period - Minor Penalty to Noah Cates for Roughing.
3:12 of 1st period - Dmitrij Jaskin wins face-off versus Josh Bailey in WINNIPEG Jets zone.
3:57 of 1st period - Shot by Kevin Hayes.
3:57 of 1st period - Shot Misses the Net.
4:06 of 1st period - Nicklas Backstrom is hit by Nikita Zadorov.
4:26 of 1st period - Shot by Nicklas Backstrom.
4:26 of 1st period - Deflect By Vincent Trocheck.
4:26 of 1st period - Stopped by Ukko-Pekka Luukkonen with a rebound.
4:28 of 1st period - Shot by Nicklas Backstrom.
4:28 of 1st period - Goal by Nicklas Backstrom - NEW YORK Islanders : 1 - WINNIPEG Jets : 0.
4:29 of 1st period - Logan Brown wins face-off versus Nicklas Backstrom in neutral zone.
4:33 of 1st period - Off-side.
4:34 of 1st period - Logan Brown wins face-off versus Nicklas Backstrom in neutral zone.
4:37 of 1st period - Shot by Jonas Siegenthaler.
4:37 of 1st period - Shot Misses the Net.
4:39 of 1st period - Shot by Evgeny Svechnikov.
4:39 of 1st period - The goal is going for a video replay.
4:39 of 1st period - The goal is refused.
4:40 of 1st period - Vincent Trocheck wins face-off versus Logan Brown in NEW YORK Islanders zone.
4:40 of 1st period - Brendan Leipsic is hit by Logan Brown.
6:08 of 1st period - Minor Penalty to Nikita Zadorov for Roughing.
6:09 of 1st period - Jeff Skinner wins face-off versus Dmitrij Jaskin in WINNIPEG Jets zone.
6:26 of 1st period - Shot by Jeff Skinner.
6:26 of 1st period - Stopped by Ukko-Pekka Luukkonen with a rebound.
6:28 of 1st period - Shot by Kyle Palmieri.
6:28 of 1st period - Stopped by Ukko-Pekka Luukkonen without a rebound.
6:29 of 1st period - Dawson Mercer wins face-off versus Josh Bailey in WINNIPEG Jets zone.
6:35 of 1st period - Icing by Kevin Shattenkirk.
6:36 of 1st period - Dmitrij Jaskin wins face-off versus Patrik Laine in NEW YORK Islanders zone.
6:49 of 1st period - Shot by Kevin Shattenkirk.
6:49 of 1st period - Stopped by Ukko-Pekka Luukkonen with a rebound.
6:51 of 1st period - Shot by Anthony Duclair.
6:51 of 1st period - Shot Misses the Net.
6:53 of 1st period - Shot by Patrik Laine.
6:53 of 1st period - Shot Misses the Net.
6:55 of 1st period - Shot by Marco Scandella.
6:55 of 1st period - Stopped by Ukko-Pekka Luukkonen without a rebound.
6:56 of 1st period - Jeff Skinner wins face-off versus Dawson Mercer in WINNIPEG Jets zone.
6:57 of 1st period - Shot by Calle Rosen.
6:57 of 1st period - Shot Misses the Net.
7:05 of 1st period - Shot by Jeff Skinner.
7:05 of 1st period - Shot Blocked by Jonas Siegenthaler.
8:47 of 1st period - Shot by Dawson Mercer.
8:47 of 1st period - Shot Blocked by Nikolai Knyzhov.
9:06 of 1st period - Icing by Alexei Toropchenko.
9:07 of 1st period - Anthony Cirelli wins face-off versus Josh Bailey in WINNIPEG Jets zone.
9:50 of 1st period - Shot by Calle Rosen.
9:50 of 1st period - Shot Misses the Net.
10:06 of 1st period - Icing by Adam Henrique.
10:07 of 1st period - Sam Bennett wins face-off versus Jeff Skinner in NEW YORK Islanders zone.
10:25 of 1st period - Shot by Kyle Palmieri.
10:25 of 1st period - Shot Misses the Net.
12:03 of 1st period - Shot by Evgeny Svechnikov.
12:03 of 1st period - Shot Misses the Net.
12:05 of 1st period - Shot by Logan Brown.
12:05 of 1st period - Shot Blocked by Nicklas Backstrom.
12:07 of 1st period - Shot by Nick Leddy.
12:07 of 1st period - Stopped by Logan Thompson without a rebound.
12:08 of 1st period - Josh Bailey wins face-off versus Eeli Tolvanen in NEW YORK Islanders zone.
12:27 of 1st period - Shot by Patrik Laine.
12:27 of 1st period - Stopped by Ukko-Pekka Luukkonen without a rebound.
12:28 of 1st period - Vincent Trocheck wins face-off versus Sam Bennett in WINNIPEG Jets zone.
12:29 of 1st period - Shot by Ilya Mikheyev.
12:29 of 1st period - Stopped by Ukko-Pekka Luukkonen without a rebound.
12:30 of 1st period - Sam Bennett wins face-off versus Jeff Skinner in WINNIPEG Jets zone.
12:30 of 1st period - Sam Bennett is hit by Kyle Palmieri.
12:35 of 1st period - Icing by Nikita Zadorov.
12:36 of 1st period - Sam Bennett wins face-off versus Jeff Skinner in WINNIPEG Jets zone.
12:49 of 1st period - Shot by Dmitrij Jaskin.
12:49 of 1st period - Deflect By Kevin Hayes.
12:49 of 1st period - Goal by Kevin Hayes - NEW YORK Islanders : 1 - WINNIPEG Jets : 1.
12:50 of 1st period - Josh Bailey wins face-off versus Dawson Mercer in neutral zone.
13:01 of 1st period - Shot by Anthony Duclair.
13:01 of 1st period - Stopped by Ukko-Pekka Luukkonen without a rebound.
13:02 of 1st period - Jeff Skinner wins face-off versus Sam Bennett in WINNIPEG Jets zone.
13:19 of 1st period - Kevin Hayes is hit by Adam Pelech and loses puck.
13:46 of 1st period - Shot by Jeff Skinner.
13:46 of 1st period - Stopped by Ukko-Pekka Luukkonen with a rebound.
14:49 of 1st period - Josh Bailey is hit by Noah Cates and loses puck.
15:03 of 1st period - Minor Penalty to Vincent Trocheck for Hooking.
15:04 of 1st period - Sam Bennett wins face-off versus Kyle Palmieri in NEW YORK Islanders zone.
15:54 of 1st period - Off-side.
15:55 of 1st period - Adam Henrique wins face-off versus Sam Bennett in neutral zone.
16:50 of 1st period - Shot by Dawson Mercer.
16:50 of 1st period - Stopped by Logan Thompson with a rebound.
16:52 of 1st period - Shot by Evgeny Svechnikov.
16:52 of 1st period - Shot Blocked by Adam Pelech.
16:54 of 1st period - Shot by Evgeny Svechnikov.
16:54 of 1st period - Shot Blocked by Adam Pelech.
16:56 of 1st period - Shot by Nick Perbix.
16:56 of 1st period - Deflect By Dawson Mercer.
16:56 of 1st period - Stopped by Logan Thompson with a rebound.
16:58 of 1st period - Shot by Andreas Athanasiou.
16:58 of 1st period - Stopped by Logan Thompson without a rebound.
16:59 of 1st period - Adam Henrique wins face-off versus Dawson Mercer in NEW YORK Islanders zone.
17:15 of 1st period - Ilya Mikheyev is hit by Colton White and loses puck.
17:40 of 1st period - Ilya Mikheyev is hit by Jonas Siegenthaler and loses puck.
17:53 of 1st period - Marco Scandella is hit by Anthony Cirelli and loses puck.
18:05 of 1st period - Icing by Patrik Laine.
18:06 of 1st period - Logan Brown wins face-off versus Josh Bailey in NEW YORK Islanders zone.
18:13 of 1st period - Shot by Mattias Janmark.
18:13 of 1st period - Shot Hit the Post.
18:27 of 1st period - Shot by Patrik Laine.
18:27 of 1st period - Shot Blocked by Nick Perbix.
18:36 of 1st period - Off-side.
18:37 of 1st period - Jeff Skinner wins face-off versus Sam Bennett in neutral zone.
19:47 of 1st period - Shot by Noah Cates.
19:47 of 1st period - Shot Misses the Net.
19:49 of 1st period - Shot by Andreas Athanasiou.
19:49 of 1st period - Goal by Andreas Athanasiou - NEW YORK Islanders : 1 - WINNIPEG Jets : 2.
19:50 of 1st period - Dawson Mercer wins face-off versus Josh Bailey in neutral zone.
Goals for this period are 1 for NEW YORK Islanders vs 2 for WINNIPEG Jets.
Shots for this period are 10 for NEW YORK Islanders vs 8 for WINNIPEG Jets.

2nd period


0:01 of 2nd period - Sam Bennett wins face-off versus Jeff Skinner in neutral zone.
0:06 of 2nd period - Shot by Nick Leddy.
0:06 of 2nd period - Shot Misses the Net.
0:24 of 2nd period - Shot by Kyle Palmieri.
0:24 of 2nd period - Stopped by Ukko-Pekka Luukkonen without a rebound.
0:25 of 2nd period - Anthony Duclair wins face-off versus Andreas Athanasiou in WINNIPEG Jets zone.
0:32 of 2nd period - Shot by Patrik Laine.
0:32 of 2nd period - Shot Misses the Net.
0:43 of 2nd period - Icing by Nick Perbix.
0:44 of 2nd period - Jeff Skinner wins face-off versus Dawson Mercer in WINNIPEG Jets zone.
2:09 of 2nd period - Shot by Brendan Leipsic.
2:09 of 2nd period - Shot Misses the Net.
2:17 of 2nd period - Shot by Ilya Mikheyev.
2:17 of 2nd period - Shot Misses the Net.
2:31 of 2nd period - Shot by Anthony Duclair.
2:31 of 2nd period - Deflect By Patrik Laine.
2:31 of 2nd period - Stopped by Ukko-Pekka Luukkonen with a rebound.
2:33 of 2nd period - Shot by Nikolai Knyzhov.
2:33 of 2nd period - Shot Misses the Net.
3:01 of 2nd period - Shot by Josh Bailey.
3:01 of 2nd period - Stopped by Ukko-Pekka Luukkonen without a rebound.
3:02 of 2nd period - Adam Henrique wins face-off versus Dawson Mercer in WINNIPEG Jets zone.
3:24 of 2nd period - Shot by Adam Henrique.
3:24 of 2nd period - Shot Blocked by Colton White.
3:26 of 2nd period - Shot by Jeff Skinner.
3:26 of 2nd period - Shot Blocked by Jonas Siegenthaler.
3:34 of 2nd period - Shot by Jeff Skinner.
3:34 of 2nd period - Shot Misses the Net.
3:36 of 2nd period - Shot by Adam Henrique.
3:36 of 2nd period - Shot Misses the Net.
3:38 of 2nd period - Shot by Marco Scandella.
3:38 of 2nd period - Stopped by Ukko-Pekka Luukkonen without a rebound.
3:39 of 2nd period - Josh Bailey wins face-off versus Anthony Cirelli in WINNIPEG Jets zone.
3:46 of 2nd period - Shot by Patrik Laine.
3:46 of 2nd period - Shot Misses the Net.
3:48 of 2nd period - Shot by Josh Bailey.
3:48 of 2nd period - Shot Misses the Net.
3:56 of 2nd period - Shot by Anthony Duclair.
3:56 of 2nd period - Stopped by Ukko-Pekka Luukkonen with a rebound.
3:58 of 2nd period - Shot by Josh Bailey.
3:58 of 2nd period - Stopped by Ukko-Pekka Luukkonen with a rebound.
4:00 of 2nd period - Shot by Patrik Laine.
4:00 of 2nd period - Stopped by Ukko-Pekka Luukkonen with a rebound.
4:02 of 2nd period - Shot by Patrik Laine.
4:02 of 2nd period - Goal by Patrik Laine - NEW YORK Islanders : 2 - WINNIPEG Jets : 2.
4:03 of 2nd period - Logan Brown wins face-off versus Vincent Trocheck in neutral zone.
4:06 of 2nd period - Brendan Leipsic is hit by Logan Brown and loses puck.
4:14 of 2nd period - Icing by Nikolai Knyzhov.
4:15 of 2nd period - Vincent Trocheck wins face-off versus Dawson Mercer in NEW YORK Islanders zone.
4:15 of 2nd period - Vincent Trocheck is hit by Nikita Zadorov.
4:56 of 2nd period - Shot by Dawson Mercer.
4:56 of 2nd period - Stopped by Logan Thompson without a rebound.
4:57 of 2nd period - Sam Bennett wins face-off versus Jeff Skinner in NEW YORK Islanders zone.
5:18 of 2nd period - Shot by Kevin Shattenkirk.
5:18 of 2nd period - Shot Misses the Net.
5:32 of 2nd period - Shot by Kyle Palmieri.
5:32 of 2nd period - Stopped by Ukko-Pekka Luukkonen without a rebound.
5:33 of 2nd period - Anthony Cirelli wins face-off versus Josh Bailey in WINNIPEG Jets zone.
5:48 of 2nd period - Shot by Alexei Toropchenko.
5:48 of 2nd period - Stopped by Logan Thompson without a rebound.
5:49 of 2nd period - Nicklas Backstrom wins face-off versus Dawson Mercer in NEW YORK Islanders zone.
6:00 of 2nd period - Icing by Nikolai Knyzhov.
6:01 of 2nd period - Sam Bennett wins face-off versus Nicklas Backstrom in NEW YORK Islanders zone.
6:17 of 2nd period - Riley Stillman is hit by Dmitrij Jaskin.
6:46 of 2nd period - Shot by Dmitrij Jaskin.
6:46 of 2nd period - Deflect By Sam Bennett.
6:46 of 2nd period - Goal by Sam Bennett - NEW YORK Islanders : 2 - WINNIPEG Jets : 3.
6:47 of 2nd period - Jeff Skinner wins face-off versus Dawson Mercer in neutral zone.
7:11 of 2nd period - Shot by Dawson Mercer.
7:11 of 2nd period - Stopped by Logan Thompson without a rebound.
7:12 of 2nd period - Anthony Cirelli wins face-off versus Josh Bailey in NEW YORK Islanders zone.
7:19 of 2nd period - Shot by Alexei Toropchenko.
7:19 of 2nd period - Stopped by Logan Thompson with a rebound.
8:57 of 2nd period - Jeff Skinner is hit by Noah Cates and loses puck.
9:08 of 2nd period - Shot by Dawson Mercer.
9:08 of 2nd period - Goal by Dawson Mercer - NEW YORK Islanders : 2 - WINNIPEG Jets : 4.
9:08 of 2nd period - Mikko Koskinen enters game.
9:09 of 2nd period - Vincent Trocheck wins face-off versus Logan Brown in neutral zone.
9:14 of 2nd period - Evgeny Svechnikov is hit by Vincent Trocheck and loses puck.
9:21 of 2nd period - Shot by Nikita Zadorov.
9:21 of 2nd period - Stopped by Mikko Koskinen without a rebound.
9:22 of 2nd period - Nicklas Backstrom wins face-off versus Dawson Mercer in NEW YORK Islanders zone.
9:28 of 2nd period - Shot by Brendan Lemieux.
9:28 of 2nd period - Deflect By Nicklas Backstrom.
9:28 of 2nd period - Stopped by Ukko-Pekka Luukkonen without a rebound.
9:29 of 2nd period - Brendan Leipsic wins face-off versus Dawson Mercer in WINNIPEG Jets zone.
9:47 of 2nd period - Shot by Brendan Leipsic.
9:47 of 2nd period - Stopped by Ukko-Pekka Luukkonen without a rebound.
9:48 of 2nd period - Sam Bennett wins face-off versus Jeff Skinner in WINNIPEG Jets zone.
10:01 of 2nd period - Shot by Dmitrij Jaskin.
10:01 of 2nd period - Shot Blocked by Kyle Palmieri.
10:19 of 2nd period - Shot by Adam Henrique.
10:19 of 2nd period - Stopped by Ukko-Pekka Luukkonen without a rebound.
10:20 of 2nd period - Josh Bailey wins face-off versus Dawson Mercer in WINNIPEG Jets zone.
10:31 of 2nd period - Shot by Josh Bailey.
10:31 of 2nd period - Shot Hit the Post.
10:33 of 2nd period - Shot by Patrik Laine.
10:33 of 2nd period - Shot Misses the Net.
10:37 of 2nd period - Shot by Anthony Duclair.
10:37 of 2nd period - Shot Misses the Net.
10:53 of 2nd period - Shot by Patrik Laine.
10:53 of 2nd period - Shot Misses the Net.
10:55 of 2nd period - Shot by Josh Bailey.
10:55 of 2nd period - Goal by Josh Bailey - NEW YORK Islanders : 3 - WINNIPEG Jets : 4.
10:56 of 2nd period - Sam Bennett wins face-off versus Jeff Skinner in neutral zone.
11:11 of 2nd period - Shot by Kyle Palmieri.
11:11 of 2nd period - Shot Misses the Net.
11:13 of 2nd period - Shot by Kevin Shattenkirk.
11:13 of 2nd period - Shot Misses the Net.
12:15 of 2nd period - Shot by Vincent Trocheck.
12:15 of 2nd period - Stopped by Ukko-Pekka Luukkonen with a rebound.
12:27 of 2nd period - Shot by Vincent Trocheck.
12:27 of 2nd period - Shot Blocked by Jonas Siegenthaler.
12:59 of 2nd period - Shot by Dawson Mercer.
12:59 of 2nd period - Stopped by Mikko Koskinen without a rebound.
13:00 of 2nd period - Anthony Cirelli wins face-off versus Josh Bailey in NEW YORK Islanders zone.
13:01 of 2nd period - Shot by Alexei Toropchenko.
13:01 of 2nd period - Stopped by Mikko Koskinen without a rebound.
13:02 of 2nd period - Anthony Cirelli wins face-off versus Jeff Skinner in NEW YORK Islanders zone.
13:03 of 2nd period - Shot by Alexei Toropchenko.
13:03 of 2nd period - Shot Misses the Net.
13:05 of 2nd period - Shot by Nick Perbix.
13:05 of 2nd period - Shot Misses the Net.
14:12 of 2nd period - Anthony Cirelli is hit by Patrik Laine.
14:16 of 2nd period - Shot by Patrik Laine.
14:16 of 2nd period - Stopped by Ukko-Pekka Luukkonen without a rebound.
14:17 of 2nd period - Brendan Lemieux wins face-off versus Dawson Mercer in WINNIPEG Jets zone.
14:17 of 2nd period - Calle Rosen is hit by Ethan Bear and loses puck.
14:40 of 2nd period - Shot by Nicklas Backstrom.
14:40 of 2nd period - Stopped by Ukko-Pekka Luukkonen with a rebound.
15:00 of 2nd period - Shot by Noah Cates.
15:00 of 2nd period - Shot Blocked by Adam Pelech.
15:27 of 2nd period - Icing by Josh Bailey.
15:28 of 2nd period - Josh Bailey wins face-off versus Sam Bennett in NEW YORK Islanders zone.
16:11 of 2nd period - Josh Bailey is hit by Dmitrij Jaskin and loses puck.
17:35 of 2nd period - Minor Penalty to Noah Cates for Holding.
17:36 of 2nd period - Anthony Duclair wins face-off versus Dmitrij Jaskin in WINNIPEG Jets zone.
17:46 of 2nd period - Josh Bailey is hit by Nikita Zadorov and loses puck.
18:04 of 2nd period - Anthony Duclair is hit by Nikita Zadorov and loses puck.
18:37 of 2nd period - Shot by Kyle Palmieri.
18:37 of 2nd period - Shot Blocked by Jonas Siegenthaler.
18:39 of 2nd period - Shot by Kevin Shattenkirk.
18:39 of 2nd period - Stopped by Ukko-Pekka Luukkonen without a rebound.
18:40 of 2nd period - Josh Bailey wins face-off versus Dmitrij Jaskin in WINNIPEG Jets zone.
19:05 of 2nd period - Shot by Calle Rosen.
19:05 of 2nd period - Shot Misses the Net.
19:07 of 2nd period - Shot by Calle Rosen.
19:07 of 2nd period - Shot Misses the Net.
19:09 of 2nd period - Shot by Anthony Duclair.
19:09 of 2nd period - Shot Misses the Net.
Goals for this period are 2 for NEW YORK Islanders vs 2 for WINNIPEG Jets.
Shots for this period are 17 for NEW YORK Islanders vs 9 for WINNIPEG Jets.

3rd period


0:01 of 3rd period - Sam Bennett wins face-off versus Jeff Skinner in neutral zone.
0:24 of 3rd period - Kyle Palmieri is hit by Kevin Hayes and loses puck.
2:31 of 3rd period - Nikolai Knyzhov is hit by Anthony Cirelli.
2:58 of 3rd period - Icing by Nick Leddy.
2:59 of 3rd period - Logan Brown wins face-off versus Jeff Skinner in WINNIPEG Jets zone.
3:39 of 3rd period - Shot by Jeff Skinner.
3:39 of 3rd period - Shot Misses the Net.
4:13 of 3rd period - Shot by Dmitrij Jaskin.
4:13 of 3rd period - Shot Misses the Net.
4:15 of 3rd period - Shot by Kevin Hayes.
4:15 of 3rd period - Stopped by Mikko Koskinen with a rebound.
4:29 of 3rd period - Shot by Sam Bennett.
4:29 of 3rd period - Shot Blocked by Marco Scandella.
4:31 of 3rd period - Shot by Sam Bennett.
4:31 of 3rd period - Stopped by Mikko Koskinen with a rebound.
5:15 of 3rd period - Off-side.
5:16 of 3rd period - Nicklas Backstrom wins face-off versus Anthony Cirelli in neutral zone.
5:40 of 3rd period - Icing by Jonas Siegenthaler.
5:41 of 3rd period - Anthony Cirelli wins face-off versus Vincent Trocheck in WINNIPEG Jets zone.
5:43 of 3rd period - Icing by Alexei Toropchenko.
5:44 of 3rd period - Josh Bailey wins face-off versus Anthony Cirelli in WINNIPEG Jets zone.
5:44 of 3rd period - Josh Bailey is hit by Jonas Siegenthaler.
5:48 of 3rd period - Shot by Josh Bailey.
5:48 of 3rd period - Deflect By Anthony Duclair.
5:48 of 3rd period - Stopped by Ukko-Pekka Luukkonen without a rebound.
5:49 of 3rd period - Josh Bailey wins face-off versus Sam Bennett in WINNIPEG Jets zone.
5:50 of 3rd period - Shot by Patrik Laine.
5:50 of 3rd period - Shot Blocked by Nick Leddy.
6:17 of 3rd period - Shot by Dmitrij Jaskin.
6:17 of 3rd period - Shot Blocked by Adam Pelech.
6:27 of 3rd period - Shot by Dmitrij Jaskin.
6:27 of 3rd period - Shot Misses the Net.
7:06 of 3rd period - Dawson Mercer is hit by Josh Bailey and loses puck.
7:15 of 3rd period - Shot by Dawson Mercer.
7:15 of 3rd period - Goal by Dawson Mercer - NEW YORK Islanders : 3 - WINNIPEG Jets : 5.
7:16 of 3rd period - Anthony Cirelli wins face-off versus Jeff Skinner in neutral zone.
8:25 of 3rd period - Shot by Dawson Mercer.
8:25 of 3rd period - Stopped by Mikko Koskinen with a rebound.
8:54 of 3rd period - Shot by Noah Cates.
8:54 of 3rd period - Stopped by Mikko Koskinen with a rebound.
9:14 of 3rd period - Icing by Riley Stillman.
9:15 of 3rd period - Sam Bennett wins face-off versus Vincent Trocheck in NEW YORK Islanders zone.
9:33 of 3rd period - Off-side.
9:34 of 3rd period - Logan Brown wins face-off versus Jeff Skinner in neutral zone.
9:42 of 3rd period - Shot by Jeff Skinner.
9:42 of 3rd period - Shot Misses the Net.
9:52 of 3rd period - Shot by Logan Brown.
9:52 of 3rd period - Stopped by Mikko Koskinen with a rebound.
9:54 of 3rd period - Shot by Evgeny Svechnikov.
9:54 of 3rd period - Shot Blocked by Kevin Shattenkirk.
9:56 of 3rd period - Shot by Evgeny Svechnikov.
9:56 of 3rd period - Stopped by Mikko Koskinen without a rebound.
9:57 of 3rd period - Josh Bailey wins face-off versus Sam Bennett in NEW YORK Islanders zone.
10:04 of 3rd period - Shot by Josh Bailey.
10:04 of 3rd period - Stopped by Ukko-Pekka Luukkonen with a rebound.
10:09 of 3rd period - Off-side.
10:10 of 3rd period - Dawson Mercer wins face-off versus Adam Henrique in neutral zone.
10:37 of 3rd period - Shot by Dawson Mercer.
10:37 of 3rd period - Shot Blocked by Kevin Shattenkirk.
10:49 of 3rd period - Shot by Jeff Skinner.
10:49 of 3rd period - Deflect By Kyle Palmieri.
10:49 of 3rd period - Goal by Kyle Palmieri - NEW YORK Islanders : 4 - WINNIPEG Jets : 5.
10:50 of 3rd period - Sam Bennett wins face-off versus Josh Bailey in neutral zone.
10:52 of 3rd period - Off-side.
10:53 of 3rd period - Josh Bailey wins face-off versus Sam Bennett in neutral zone.
11:31 of 3rd period - Ethan Bear is hit by Patrik Laine and loses puck.
12:33 of 3rd period - Icing by Ethan Bear.
12:34 of 3rd period - Sam Bennett wins face-off versus Nicklas Backstrom in WINNIPEG Jets zone.
14:03 of 3rd period - Shot by Josh Bailey.
14:03 of 3rd period - Deflect By Patrik Laine.
14:03 of 3rd period - Shot Misses the Net.
14:05 of 3rd period - Shot by Patrik Laine.
14:05 of 3rd period - Stopped by Ukko-Pekka Luukkonen without a rebound.
14:06 of 3rd period - Anthony Cirelli wins face-off versus Jeff Skinner in WINNIPEG Jets zone.
14:28 of 3rd period - Shot by Anthony Cirelli.
14:28 of 3rd period - Stopped by Mikko Koskinen with a rebound.
14:30 of 3rd period - Shot by Jonas Siegenthaler.
14:30 of 3rd period - Stopped by Mikko Koskinen without a rebound.
14:31 of 3rd period - Logan Brown wins face-off versus Vincent Trocheck in NEW YORK Islanders zone.
14:46 of 3rd period - Shot by Vincent Trocheck.
14:46 of 3rd period - Stopped by Ukko-Pekka Luukkonen without a rebound.
14:47 of 3rd period - Jeff Skinner wins face-off versus Anthony Cirelli in WINNIPEG Jets zone.
14:55 of 3rd period - Adam Henrique is hit by Ethan Bear and loses puck.
15:08 of 3rd period - Shot by Eeli Tolvanen.
15:08 of 3rd period - Stopped by Mikko Koskinen without a rebound.
15:09 of 3rd period - Sam Bennett wins face-off versus Josh Bailey in NEW YORK Islanders zone.
15:38 of 3rd period - Shot by Patrik Laine.
15:38 of 3rd period - Stopped by Ukko-Pekka Luukkonen without a rebound.
15:39 of 3rd period - Dawson Mercer wins face-off versus Jeff Skinner in WINNIPEG Jets zone.
15:55 of 3rd period - Icing by Jeff Skinner.
15:56 of 3rd period - Anthony Cirelli wins face-off versus Jeff Skinner in NEW YORK Islanders zone.
16:05 of 3rd period - Shot by Alexei Toropchenko.
16:05 of 3rd period - Shot Misses the Net.
16:17 of 3rd period - Shot by Jeff Skinner.
16:17 of 3rd period - Shot Misses the Net.
17:02 of 3rd period - Shot by Anthony Duclair.
17:02 of 3rd period - Stopped by Ukko-Pekka Luukkonen without a rebound.
17:03 of 3rd period - Dawson Mercer wins face-off versus Vincent Trocheck in WINNIPEG Jets zone.
17:28 of 3rd period - Shot by Brendan Leipsic.
17:28 of 3rd period - Stopped by Ukko-Pekka Luukkonen without a rebound.
17:29 of 3rd period - Sam Bennett wins face-off versus Josh Bailey in WINNIPEG Jets zone.
17:42 of 3rd period - Shot by Anthony Duclair.
17:42 of 3rd period - Shot Hit the Post.
17:44 of 3rd period - Shot by Patrik Laine.
17:44 of 3rd period - Stopped by Ukko-Pekka Luukkonen without a rebound.
17:45 of 3rd period - Nicklas Backstrom wins face-off versus Dawson Mercer in WINNIPEG Jets zone.
17:45 of 3rd period - Nicklas Backstrom is hit by Nikita Zadorov.
18:02 of 3rd period - Alexander Radulov is hit by Nikita Zadorov and loses puck.
18:27 of 3rd period - Shot by Dawson Mercer.
18:27 of 3rd period - Stopped by Mikko Koskinen without a rebound.
18:28 of 3rd period - Sam Bennett wins face-off versus Jeff Skinner in NEW YORK Islanders zone.
18:28 of 3rd period - Kevin Hayes is hit by Marco Scandella and loses puck.
18:46 of 3rd period - Minor Penalty to Marco Scandella for Roughing.
18:47 of 3rd period - Kyle Palmieri wins face-off versus Sam Bennett in NEW YORK Islanders zone.
18:47 of 3rd period - Kyle Palmieri is hit by Kevin Hayes.
18:54 of 3rd period - Icing by Ethan Bear.
18:55 of 3rd period - Sam Bennett wins face-off versus Kyle Palmieri in WINNIPEG Jets zone.
19:03 of 3rd period - Kevin Hayes is hit by Riley Stillman.
Goals for this period are 1 for NEW YORK Islanders vs 1 for WINNIPEG Jets.
Shots for this period are 9 for NEW YORK Islanders vs 11 for WINNIPEG Jets.